 Dungeon Sprint DCSS version 0.28.0-49-g6dfe1f597d (webtiles) character file.

Game seed: 7846796366997282549

630 GigaChad the Fighter (level 7, -17/73 HPs)
             Began as a Minotaur Fighter on May 11, 2022.
             Was an Initiate of Ashenzari.
             Killed from afar by a deep elf zephyrmancer (29 damage)
             ... with a bolt of lightning
             ... in the Dungeon (Sprint V: "Ziggurat Sprint").
             The game lasted 00:03:39 (419 turns).

GigaChad the Fighter (Minotaur Fighter)              Turns: 419, Time: 00:03:39

Health: -17/73     AC: 25    Str: 33    XL:     7   Next: 24%
Magic:  6/6        EV:  6    Int:  5    God:    Ashenzari [......]
Gold:   0          SH:  6    Dex: 11    Spells: 6/6 levels left

rFire   . . .      SeeInvis +   T - +14 obsidian axe {vorpal, Mesm Drain Fly SInv}
rCold   . . .      Faith    .   c - +0 buckler
rNeg    . . .      Spirit   .   l - +5 crystal plate armour
rPois   .          Reflect  .   (helmet restricted)
rElec   .          Harm     .   (no cloak)
rCorr   .          Rampage  .   (no gloves)
Will    .....      NoTele   +   (no boots)
Stlth   ..........              (no amulet)
HPRegen 0.22/turn               B - +6 ring of strength
MPRegen 0.10/turn               C - +6 ring of strength

@: flying, mesmerised
A: horns 2, retaliatory headbutt
a: Renounce Religion, Curse Item


You were in the Dungeon.
You worshipped Ashenzari.
Ashenzari was noncommittal.
You visited 1 branch

Inventory:

Hand Weapons
 a - a +0 long sword
 H - a +5 demon trident
 I - a +5 demon whip
 J - a +5 lajatang
 K - a +5 demon blade
 L - a +5 double sword
 M - a +5 great sword
 N - a +5 triple sword
 Q - the +6 Majin-Bo {vamp, MP+6 Int+6}
   (You found it in the Dungeon)

   It occasionally heals its wielder for a portion of the damage dealt when they
   wound a living foe with it or with a spell.
   Its wielder's spells cost health as well as magical power.
   Int:       It affects your intelligence (+6).
   MP:        It affects your magic capacity (+6).
 R - the +10 dark maul {vorpal}
   (You found it in the Dungeon)

   It inflicts extra damage upon your enemies.
 S - the +9 heavy crossbow "Sniper" {vorpal, Acc+∞ SInv}
   (You found it in the Dungeon)

   Any ammunition fired from it inflicts extra damage upon your enemies.
   Any ammunition fired from it never misses its target.
   SInv:      It lets you see invisible.
 T - the +14 obsidian axe (weapon) {vorpal, Mesm Drain Fly SInv}
   (You found it in the Dungeon)

   It inflicts extra damage upon your enemies.
   It occasionally summons demons to assist the wielder when it strikes in
   combat.
   Its wielder is mesmerised by any visible foes.
   It cannot be unequipped while any foes are visible.
   SInv:      It lets you see invisible.
   Fly:       It grants you flight.
   Drain:     It drains your maximum health when unequipped.
 U - the +7 Singing Sword {vorpal, sonic wave}
   (You found it in the Dungeon)

   It inflicts extra damage upon your enemies.
   It radiates damaging sonic waves as it strikes, especially in combat
   involving dangerous or numerous foes.
 V - the +7 great mace "Firestarter" {inner flame, rF++}
   (You found it in the Dungeon)

   It burns those it strikes, dealing additional fire damage.
   It fills those it strikes with an explosive inner flame.
   It grants immunity to clouds of flame.
   rF:        It greatly protects you from fire.
 W - the +8 lance "Wyrmbane" {slay drac, rPois rF+ rC+ AC+3}
   (You found it in the Dungeon)

   It inflicts extra damage against dragons and draconians.
   AC:        It affects your AC (+3).
   rF:        It protects you from fire.
   rC:        It protects you from cold.
   rPois:     It protects you from poison.
 X - the +7 mace of Variability {chain chaos}
   (You found it in the Dungeon)

   Each time it hits an enemy it has a different, random effect.
   It occasionally unleashes arcs of chaos on nearby creatures upon striking a
   foe.
 Y - the +11 plutonium sword {Contam Stlth-}
   (You found it in the Dungeon)

   It occasionally inflicts wild transmutation effects on those it strikes,
   inflicting malmutation or extra damage, or polymorphing them into a new form.
   Contam:    It causes magical contamination when unequipped.
   Stlth:     It makes you less stealthy.
 Z - the +13 scythe of Curses {drain, Drain}
   (You found it in the Dungeon)

   A truly terrible weapon, it drains the life of any living foe it strikes.
   It inflicts powerful necromantic curses on any living foe it strikes.
   Drain:     It drains your maximum health when unequipped.
Armour
 b - a +0 scale mail
 c - a +0 buckler (worn)
 k - a +3 tower shield
 l - a +5 crystal plate armour (worn)
 m - a +5 plate armour
 O - the +15 Maxwell's patent armour {-Cast -Tele rElec Will+ rCorr}
   (You found it in the Dungeon)

   rElec:     It insulates you from electricity.
   -Cast:     It prevents spellcasting.
   -Tele:     It prevents most forms of teleportation.
   rCorr:     It protects you from acid and corrosion.
   Will:      It increases your willpower.
 P - the +18 shield of the Gong {rElec rN+ Will+ EV-5}
   (You found it in the Dungeon)

   It is deafeningly noisy when blocking attacks.
   EV:        It affects your evasion (-5).
   rElec:     It insulates you from electricity.
   rN:        It protects you from negative energy.
   Will:      It increases your willpower.
Jewellery
 w - a ring of flight
 x - a +6 ring of dexterity
 y - a +6 ring of dexterity
 z - a +6 ring of intelligence
 A - a +6 ring of intelligence
 B - a +6 ring of strength (left hand)
 C - a +6 ring of strength (right hand)
Wands
 D - a wand of mindburst (7)
 E - a wand of iceblast (7)
 F - a wand of acid (7)
Scrolls
 j - 4 scrolls of blinking
 r - 4 scrolls of amnesia
 s - 7 scrolls of fog
 t - a scroll of holy word
 u - 5 scrolls of identify
 v - 2 scrolls of fear
Potions
 d - 6 potions of might
 e - 10 potions of curing
 f - 10 potions of heal wounds
 g - 6 potions of haste
 h - 7 potions of magic
 i - 3 potions of berserk rage
 n - 2 potions of brilliance
 o - 2 potions of invisibility
 p - 4 potions of resistance
 q - a potion of experience
Miscellaneous
 G - a lightning rod (4/4)


   Skills:
 + Level 10.8 Fighting
 + Level 5.5 Long Blades
 + Level 6.2 Axes
 + Level 10.6 Armour
 + Level 10.0 Shields


You had 6 spell levels left.
You didn't know any spells.
Your spell library was empty.

Dungeon Overview and Level Annotations

Branches:
Dungeon (1/1)

Altars:
Ashenzari
Cheibriados
Dithmenos
Elyvilon
Fedhas
Gozag
Hepliaklqana
Kikubaaqudgha
Makhleb
Nemelex Xobeh
Okawaru
Qazlal
Ru
Sif Muna
Trog
Uskayaw
Vehumet
Wu Jian
Xom
Yredelemnul
Zin
The Shining One
Beogh
Jiyva
Lugonu

Annotations:
D 1 transporter


Innate Abilities, Weirdness & Mutations

You have a pair of horns on your head.
You reflexively headbutt those who attack you in melee.


Message History

You break out of your daze!
The +2 dire flail of protection falls from the air.
You slash the deep elf zephyrmancer!
Visions of slaying the rust devil flood into your mind.
The deep elf zephyrmancer barely misses you.
The deep elf zephyrmancer hits you but does no damage.
The troll bites you!
* * * LOW HITPOINT WARNING * * *
You block the troll's attack. The troll claws you.
* * * LOW HITPOINT WARNING * * *
Your Fighting skill gained 4 levels and is now at level 10!
Your Long Blades skill gained 2 levels and is now at level 5!
Your Axes skill gained 5 levels and is now at level 6!
Your Armour skill gained 5 levels and is now at level 10!
Your Shields skill gained 5 levels and is now at level 10!
You have reached level 4!
You feel stronger.
You have reached level 5!
You have reached level 6!
You have reached level 7!
Unknown command.
Unknown command.
Unknown command.
You slash the rust devil!
You headbutt the rust devil, but do no damage.
The rust devil is lightly wounded.
You closely miss the deep elf zephyrmancer.
You slash the troll!
Visions of slaying the deep elf zephyrmancer flood into your mind.
The deep elf zephyrmancer points at you and mumbles some strange words.
The bolt of lightning hits you.
* * * LOW HITPOINT WARNING * * *
The rust devil barely misses you. You block the troll's attack.
The troll claws you but does no damage. x2
You slash the troll! You headbutt the troll!
The troll is almost dead.
You hit the deep elf zephyrmancer. You slash the rust devil!
The deep elf zephyrmancer gestures at you while chanting.
The bolt of lightning hits you!!
You die...

▓▓▓▓▓▓▓▓▓▓▓▓▓
▓.8©8.▓.8©8.▓
▓.}[|.▓.....▓
▓.....▓.).}.▓
▓.....▓.))..▓
▓.eT..▓.....▓
▓..@..▓..©..▓
▓..4..▓▓▓▓▓▓▓
▓▓▓▓▓▓▓


You could see a rust devil (summoned), a deep elf zephyrmancer (mesmerising) and
a troll.

Vanquished Creatures
  A dancing weapon (D)
  2 orc priests (D)
3 creatures vanquished.

Notes
Turn   | Place    | Note
-------+----------+-------------------------------------------
     0 | D        | GigaChad the Minotaur Fighter began the quest for the Orb.
     0 | D        | Reached XP level 1. HP: 19/19 MP: 0/0
     0 | D        | Found a blossoming altar of Fedhas.
     0 | D        | Found the +6 Majin-Bo {vamp, MP+6 Int+6}
     0 | D        | Found the +9 heavy crossbow "Sniper" {vorpal, Acc+∞ SInv}
     0 | D        | Found the +10 dark maul {vorpal}
     0 | D        | Found the +15 Maxwell's patent armour {-Cast -Tele rElec
                  | Will+ rCorr}
     0 | D        | Found the +18 shield of the Gong {rElec rN+ Will+ EV-5}
     0 | D        | Found the +14 obsidian axe {vorpal, Mesm Drain Fly SInv}
     0 | D        | Found the +7 great mace "Firestarter" {inner flame, rF++}
     0 | D        | Found the +6 shillelagh "Devastator" {shatter}
     0 | D        | Found the +11 plutonium sword {Contam Stlth-}
     0 | D        | Found the +8 lance "Wyrmbane" {slay drac, rPois rF+ rC+
                  | AC+3}
     0 | D        | Found the +9 sword of Zonguldrok {reap}
     0 | D        | Found the +13 scythe of Curses {drain, Drain}
     0 | D        | Found the +5 sword of Power {vorpal}
     0 | D        | Found the +7 mace of Variability {chain chaos}
     0 | D        | Found the +7 Singing Sword {vorpal, sonic wave}
     0 | D        | Found the +8 storm bow {elec, penet}
    20 | D        | Found a shimmering blue altar of Sif Muna.
    20 | D        | Found a sacrificial altar of Ru.
    20 | D        | Found a bloodstained altar of Trog.
    20 | D        | Found a stormy altar of Qazlal.
    20 | D        | Found an iron altar of Okawaru.
    20 | D        | Found a sparkling altar of Nemelex Xobeh.
    22 | D        | Found a transporter.
    22 | D        | Found an ancient bone altar of Kikubaaqudgha.
    22 | D        | Found a viscous altar of Jiyva.
    22 | D        | Found a corrupted altar of Lugonu.
    22 | D        | Found a hazy altar of Hepliaklqana.
    22 | D        | Found a burning altar of Makhleb.
    22 | D        | Found an opulent altar of Gozag.
    56 | D        | Became a worshipper of Ashenzari the Shackled
   117 | D        | Entered arena 2.
   117 | D        | Noticed an orc priest
   117 | D        | Noticed an orc priest
   117 | D        | Found a transporter.
   119 | D        | Killed an orc priest
   120 | D        | Reached skill level 5 in Fighting
   120 | D        | Reached skill level 5 in Armour
   120 | D        | Reached skill level 5 in Shields
   120 | D        | Reached XP level 2. HP: 12/29 MP: 1/1
   120 | D        | Reached XP level 3. HP: 15/36 MP: 2/2
   124 | D        | Reached skill level 1 in Axes
   414 | D        | Entered arena 3.
   414 | D        | Noticed a deep elf zephyrmancer
   414 | D        | Noticed a troll
   414 | D        | Noticed a +2 dire flail of protection
   414 | D        | Found a transporter.
   417 | D        | Killed a +2 dire flail of protection
   417 | D        | Noticed a rust devil
   418 | D        | Reached skill level 10 in Fighting
   418 | D        | Reached skill level 5 in Long Blades
   418 | D        | Reached skill level 10 in Armour
   418 | D        | Reached skill level 10 in Shields
   418 | D        | Reached XP level 4. HP: 11/53 MP: 3/3
   418 | D        | Reached XP level 5. HP: 12/59 MP: 4/4
   418 | D        | Reached XP level 6. HP: 14/67 MP: 5/5
   418 | D        | Reached XP level 7. HP: 15/73 MP: 6/6
   419 | D        | Killed from afar by a deep elf zephyrmancer

Illustrated notes

Levels and vault maps discovered:
D:        sprint_v [room_start, room_1, room_2, room_3, room_4, room_5, room_6,
          room_7, room_8, room_9, room_10, room_11, room_12, room_13, room_14,
          room_15, room_16, room_17, room_18, room_19, room_20, room_21,
          room_22, room_23, room_24, room_25, room_26, room_27]

Skill      XL: |  1  2  3 |
---------------+----------+-----
Fighting       | 5 10 | 10.8
Long Blades    | 3 5 |  5.5
Armour         | 5 10 | 10.6
Shields        | 5 10 | 10.0
Axes           | 6 |  6.2

Action                   |  1- 3 |  4- 6 |  7- 9 || total
-------------------------+-------+-------+-------++-------
Melee: Broad axe         |     6 |       |     2 ||     8
       Headbutt          |     1 |       |     2 ||     3
Armor: Crystal plate arm |     5 |       |     2 ||     7
Dodge: Dodged            |     2 |       |     1 ||     3
Block: Buckler           |     2 |       |     1 ||     3
